 Dungeon Crawl Stone Soup version 0.32-a0-422-g28b100f618 (webtiles) character file.

Game seed: 5734360074858415340

71 ezpacito the Trooper (level 4, 0/52 HPs)
             Began as a Coglin Chaos Knight on Feb 21, 2024.
             Was a Plaything of Xom.
             Slain by a gnoll
             ... wielding a +3 spear
              (5 damage)
             ... on level 2 of the Dungeon.
             The game lasted 00:02:18 (543 turns).

ezpacito the Trooper (Coglin Chaos Knight)           Turns: 543, Time: 00:02:19

Health: 0/52       AC: 22    Str: 14    XL:     4   Next: 24%
Magic:  5/5        EV:  2    Int: 11    God:    Xom [..*...]
Gold:   74         SH:  0    Dex: 14    Spells: 5/5 levels left

rFire   . . .        a - +0 hand axe (chaos) {Henutemipet}
rCold   . . .        (no shield)
rNeg    . . .        b - melded +2 leather armour
rPois   +            (helmet currently unavailable)
rElec   .            (cloak currently unavailable)
rCorr   +            (gloves currently unavailable)
SInv    .            (boots currently unavailable)
Will    .....        (no amulet)
Stlth   +            e - ring of resist corrosion
HPRegen 0.28/turn    (no ring)
MPRegen 0.09/turn

%: no passive effects
@: brilliant, tree-form, on berserk cooldown, hasted and slowed
A: stationary, stasis, torment immunity, boosted hp, off-hand wielding, slow
wielding, warmup strikes, (legs shutdown)
a: Renounce Religion


You were on level 2 of the Dungeon.
You worshipped Xom.
You were a toy of Xom.
You were a tree.
You visited 1 branch of the dungeon, and saw 2 of its levels.

You collected 74 gold pieces.

Inventory:

Hand Weapons
 a - a +0 hand axe of chaos (weapon) {Henutemipet}
Armour
 b - a +2 leather armour (melded)
Jewellery
 e - a ring of resist corrosion (left branch)
Potions
 g - a potion of brilliance
 h - a potion of haste


   Skills:
 * Level 3.4 Fighting
 * Level 3.3 Axes
 * Level 2.2 Armour
 * Level 1.4 Dodging
 + Level 0.4 Stealth
 * Level 0.9 Unarmed Combat
 * Level 1.0 Spellcasting


You had 5 spell levels left.
You didn't know any spells.
Your spell library was empty.

Dungeon Overview and Level Annotations

Branches:
Dungeon (2/15)

Altars:


Innate Abilities, Weirdness & Mutations

You are a tree.
Your roots penetrate the ground, keeping you stationary.
You cannot be teleported.
You are immune to unholy pain and torment.
Your maximum health is greatly increased.
Your equipment is partially melded.
You can wield a second weapon in your off-hand.
It takes a long time for you to wield or remove held weapons.
Your first few attacks do less damage.
((Attacking and casting redirects power from your legs.))


Message History

You barely miss the gnoll.
The gnoll hits you but does no damage. x2
You have reached level 4!
You feel agile.
You slash the gnoll! You burn the gnoll.
You kill the gnoll!
Your Spellcasting skill increases to level 1!
A gnoll is nearby!
You are too berserk!
You are too berserk!
You are too berserk!
The gnoll hits you from afar with a +3 spear.
* * * LOW HITPOINT WARNING * * *
You feel a strong urge to attack something.
The gnoll hits you from afar with a +3 spear.
* * * LOW HITPOINT WARNING * * *
You are too berserk!
You are no longer berserk.
You are exhausted.
You feel yourself slow down.
It was a potion of brilliance.
You feel clever all of a sudden. The gnoll completely misses you.
The gnoll hits you but does no damage.
It was a potion of haste.
You feel yourself speed up.
The gnoll hits you from afar with a +3 spear.
* * * LOW HITPOINT WARNING * * *
As you read the scroll of butterflies, it crumbles to dust.
You hear the flapping of tiny wings.
The gnoll is knocked back by the sudden gust.
You cannot move.
You cannot move.
The gnoll barely misses your butterfly.
You cannot move.
The gnoll barely misses your butterfly. The gnoll misses your butterfly.
You cannot move.
Xom smiles on you.
You feel as though your hastened speed will last longer.
You cannot move.
The gnoll hits you from afar with a +3 spear.
You die...

.# . ## . #.##
#. .## #...#
.## ..###
+.#.b.b.#......
##....#.#b.....
#.....bbb......
.....b)♣bb.b.b.
..#.b.bb†..b.b.


.bbbbgbbbb..... .....bbb.bbb... ?.....bb..bb... ......b........ .......##...##.
....... .### You could see a gnoll (ally target).

Vanquished Creatures
  3 gnolls (D:2)
  A dart slug (D:1)
  3 ball pythons
  An endoplasm (D:1)
  2 giant cockroaches (D:1)
  3 hobgoblins
  3 kobolds
  A quokka (D:2)
  2 bats (D:1)
  A frilled lizard (D:1)
  4 rats
24 creatures vanquished.

Notes
Turn   | Place    | Note
-------+----------+-------------------------------------------
     0 | D:1      | ezpacito the Coglin Chaos Knight began the quest for the
                  | Orb.
     0 | D:1      | Reached XP level 1. HP: 18/18 MP: 1/1
    43 | D:1      | Reached skill level 1 in Dodging
    44 | D:1      | Reached XP level 2. HP: 24/24 MP: 2/2
   103 | D:1      | XOM: divination: detect items
   187 | D:1      | XOM: silly message
   193 | D:1      | Reached XP level 3. HP: 28/29 MP: 3/3
   529 | D:2      | Reached XP level 4. HP: 14/35 MP: 3/5
   530 | D:2      | Reached skill level 1 in Spellcasting
   534 | D:2      | HP: 2/52 [gnoll/+3 spear (5)]
   542 | D:2      | XOM: potion effect (haste)
   543 | D:2      | Slain by a gnoll

Illustrated notes

Levels and vault maps discovered:
D:1:      ebering_trefoil_3fold, layout_basic
D:2:      minmay_chambers_of_twos, layout_rooms,
          dreamdust_ecumenical_altar_grove, minmay_pentomino_v2

Skill      XL: |  1  2  3  4 |
---------------+-------------+-----
Dodging        | 1 |  1.4
Armour         | 2 |  2.2
Spellcasting   | 1 |  1.0
Fighting       | |  3.4
Axes           | |  3.3
Stealth        | |  0.4
Unarmed Combat | |  0.9

Action                     |  1- 3 |  4- 6 || total
---------------------------+-------+-------++-------
  Melee: Hand axe          |    41 |     1 ||    42
    Use: Potion            |     2 |     2 ||     4
         Scroll            |       |     1 ||     1
   Stab: Sleeping          |     1 |       ||     1
 Armour: Leather armour    |    27 |       ||    27
         Skin              |    19 |     5 ||    24
  Dodge: Dodged            |    24 |     1 ||    25

Table legend: (Time is in decaauts)
 A = Elapsed time spent in this place.
 B = Non-inter-level travel time spent in this place.
 C = Inter-level travel time spent in this place.
 D = Time resting spent in this place.
 E = Time spent auto-exploring this place.
 F = Levels seen in this place.
 G = Mean time per level.
                   A        B        C        D        E       F      G
               +--------+--------+--------+--------+--------+-----+--------+
         Total |    546 |    527 |     19 |      0 |    414 |   2 |  273.0 |
       Dungeon |    546 |    527 |     19 |      0 |    414 |   2 |  273.0 |
               +--------+--------+--------+--------+--------+-----+--------+

Top non-repeatable levels by time:
     D:1: 514 daAuts
     D:2: 32 daAuts
